 Dungeon Crawl Stone Soup version 0.28-b1-25-g9875b3fc8c (webtiles) character file.

Game seed: 17234938697741323381

59524 Xoff the Blocker (level 14, -6/124 HPs)
             Began as a Gnoll Fighter on Feb 5, 2022.
             Was the Champion of Dithmenos.
             Killed from afar by a lindwurm (39 damage)
             ... with a blast of flame
             ... on level 6 of the Lair of Beasts.
             The game lasted 01:11:24 (25703 turns).

Xoff the Blocker (Gnoll Fighter)                   Turns: 25703, Time: 01:11:25

Health: -6/124     AC: 29    Str: 20    XL:     14   Next: 95%
Magic:  27/27      EV: 12    Int:  7    God:    Dithmenos [******]
Gold:   928        SH: 10    Dex: 18    Spells: 32/32 levels left

rFire   . . .      SeeInvis +   a - +1 long sword (venom)
rCold   . . .      Faith    .   A - +3 warlock's mirror {reflect}
rNeg    + . .      Spirit   .   k - +0 chain mail {Will+}
rPois   +          Reflect  +   P - +1 hat of Dewneng {rElec rN+ Dex+5 SInv}
rElec   +          Harm     .   p - +0 cloak
rCorr   .          Rampage  .   Y - +2 pair of gloves {hurl}
Will    ++...                   l - +0 pair of boots
Stlth   ++........              y - amulet of the acrobat
HPRegen 0.30/turn               I - +4 ring of protection
MPRegen 0.20/turn               B - +4 ring of protection

@: wreathed by umbra
A: fangs 1, strong nose, distributed training, iridescent scales 1, poison
resistance, robust 1, MP-powered wands
a: Renounce Religion, Shadow Step, Shadow Form


You were on level 6 of the Lair of Beasts.
You worshipped Dithmenos.
Dithmenos was exalted by your worship.
You visited 3 branches of the dungeon, and saw 17 of its levels.
You also visited: Sewer and Ossuary.

You collected 1229 gold pieces.
You spent 301 gold pieces at shops.

Inventory:

Hand Weapons
 a - a +1 long sword of venom (weapon)
 b - a +2 scimitar of flaming
 Q - a +0 hand crossbow
 S - a +2 scimitar of holy wrath
 T - a +1 short sword of protection
Missiles
 u - 46 poisoned darts (quivered)
 v - 121 bolts
 C - 3 throwing nets
 K - 9 boomerangs
 O - 4 curare-tipped darts
Armour
 k - a +0 chain mail of willpower (worn)
 l - a +0 pair of boots (worn)
 p - a +0 cloak (worn)
 A - the +3 warlock's mirror (worn) {reflect}
   (You found it on level 10 of the Dungeon)

   It can block and reflect piercing ranged attacks and magical attacks against
   the wielder's willpower.
 P - the +1 hat of Dewneng (worn) {rElec rN+ Dex+5 SInv}
   (You acquired it on level 1 of the Lair of Beasts)

   Dex:       It affects your dexterity (+5).
   rElec:     It insulates you from electricity.
   rN:        It protects you from negative energy.
   SInv:      It lets you see invisible.
 Y - a +2 pair of gloves of hurling (worn)
Magical Staves
 X - a staff of poison
Jewellery
 j - a ring of positive energy
 m - a ring of magical power
 o - a +6 ring of intelligence
 x - a ring of resist corrosion
 y - an amulet of the acrobat (around neck)
 B - a +4 ring of protection (right hand)
 I - a +4 ring of protection (left hand)
 V - a ring of poison resistance
Wands
 c - a wand of flame (20)
 t - a wand of iceblast (26)
 L - a wand of charming (7)
 M - a wand of polymorph (19)
 R - a wand of digging (5)
Scrolls
 f - a scroll of holy word
 h - 6 scrolls of teleportation
 n - 5 scrolls of blinking
 w - 3 scrolls of identify
 D - a scroll of enchant armour
 E - a scroll of fear
 F - 3 scrolls of magic mapping
 H - a scroll of vulnerability
 J - a scroll of brand weapon
 U - a scroll of enchant weapon
 Z - a scroll of immolation
Potions
 d - 3 potions of lignification
 e - a potion of flight
 g - a potion of might
 i - a potion of cancellation
 q - 6 potions of curing
 r - a potion of mutation
 s - a potion of ambrosia
 G - a potion of heal wounds
 N - a potion of brilliance
 W - a potion of haste
Miscellaneous
 z - a piece from Xom's chessboard (15/15)


   Skills:
 + Level 11.6 Fighting
 + Level 9.6 Short Blades
 + Level 10.7 Long Blades
 + Level 9.6 Axes
 + Level 9.6 Maces & Flails
 + Level 9.6 Polearms
 + Level 9.6 Staves
 + Level 9.6 Slings
 + Level 9.6 Bows
 + Level 9.6 Crossbows
 + Level 9.6 Throwing
 + Level 11.6 Armour
 + Level 9.6 Dodging
 + Level 9.6 Stealth
 + Level 11.6 Shields
 + Level 9.6 Unarmed Combat
 + Level 9.6 Spellcasting
 + Level 8.1 Conjurations
 + Level 8.1 Hexes
 + Level 8.1 Summonings
 + Level 8.1 Necromancy
 + Level 8.1 Translocations
 + Level 8.1 Transmutations
 + Level 8.1 Fire Magic
 + Level 8.1 Ice Magic
 + Level 8.1 Air Magic
 + Level 8.1 Earth Magic
 + Level 8.1 Poison Magic
 + Level 10.5 Invocations
 + Level 9.6 Evocations


You had 32 spell levels left.
You didn't know any spells.
Your spell library contained the following spells:

 Spells                   Type           Power      Damage    Failure   Level
 Magic Dart               Conj           56%        1d5       4%          1
 Slow                     Hex            56%        N/A       4%          1
 Sting                    Tmut/Pois      56%        1d5       4%          1
 Poisonous Vapours        Pois/Air       28%        N/A       8%          2
 Scorch                   Fire           28%        2d6       8%          2
 Searing Ray              Conj           28%        2d5       8%          2
 Confusing Touch          Hex            14%        N/A       14%         3
 Inner Flame              Hex/Fire       14%        N/A       14%         3
 Ozocubu's Armour         Ice            14%        N/A       14%         3
 Vampiric Draining        Necr           14%        2d7       14%         3
 Animate Armour           Summ/Erth      28%        N/A       43%         4
 Cause Fear               Hex            7%         N/A       43%         4
 Flame Wave               Conj/Fire      14%        2d6       43%         4
 Fulminant Prism          Conj/Hex       7%         3d7       43%         4
 Olgreb's Toxic Radiance  Pois           14%        N/A       43%         4
 Blade Hands              Tmut           7%         N/A       80%         5
 Dispersal                Tloc           7%         N/A       100%        6
 Iron Shot                Conj/Erth      7%         9d2       100%        6
 Summon Cactus Giant      Summ           7%         N/A       100%        6
 Ozocubu's Refrigeration  Ice            7%         4d6       100%        7
 Discord                  Hex            7%         N/A       100%        8
 Disjunction              Tloc           7%         N/A       100%        8


Dungeon Overview and Level Annotations

Branches:
Dungeon (10/15)            Temple (1/1) D:4            Lair (6/6) D:8
  Swamp (0/4) Lair:3        Snake (0/4) Lair:2        Slime (0/5) Lair:6
    Orc (0/2) D:10          Sewer (visited)         Ossuary (visited)

Altars:
Ashenzari
Cheibriados
Dithmenos
Elyvilon
Fedhas
Gozag
Hepliaklqana
Kikubaaqudgha
Makhleb
Nemelex Xobeh
Okawaru
Qazlal
Ru
Sif Muna
Trog
Uskayaw
Vehumet
Wu Jian
Xom
Yredelemnul
Zin
The Shining One
Jiyva

Shops:
D:1 !   D:7 (   D:10 [

Annotations:
Lair:6 4 runed translucent doors, p0werm0de's ghost, journeyman MiFi


Innate Abilities, Weirdness & Mutations

You have very sharp teeth.
Your uncanny sense of smell can sniff out nearby items.
Your experience applies equally to all skills.
You are partially covered in iridescent scales. (AC +2)
Your system is resistant to poisons. (rPois)
You are robust. (+10% HP)
You expend magic power (3 MP) to strengthen your wands.


Message History

Your shadow hits the tyrant leech but does no damage.
The tyrant leech misses you.
You hit the tyrant leech.
The tyrant leech looks as sick as possible!
The tyrant leech is almost dead.
Your shadow hits the tyrant leech with a long sword!
You kill the tyrant leech!
Dithmenos accepts your kill.
You hit the lindwurm.
The lindwurm is poisoned.
The lindwurm is lightly wounded.
Your shadow hits the lindwurm but does no damage.
The lindwurm breathes flames at you. The blast of flame hits you!!
You are too injured to fight recklessly!
You are too injured to fight recklessly!
You are too injured to fight recklessly!
You are too injured to fight recklessly!
You are too injured to fight recklessly!
You completely miss the lindwurm.
You bite the lindwurm, but do no damage.
The lindwurm is lightly wounded.
You barely miss the lindwurm.
You bite the lindwurm, but do no damage.
The lindwurm is lightly wounded.
The lindwurm barely misses you.
The lindwurm claws you but does no damage.
The lindwurm barely misses you.
You hit the lindwurm.
The lindwurm is moderately wounded.
Your shadow hits the lindwurm with a long sword.
The lindwurm breathes flames at you. The blast of flame hits you!!
* * * LOW HITPOINT WARNING * * *
You emit a cloud of dark smoke.
You slash the lindwurm!
The lindwurm looks as sick as possible!
You bite the lindwurm, but do no damage.
The lindwurm is severely wounded.
The lindwurm breathes flames at you. The blast of flame hits you!!!
You die...

###### ##### ## ###....#####
####.P.##.# ##..........##
##........###
#?..$###.....###....###....#
#..### ####..#.....##
##...### #...$# ###.....###
###...# #.....#####..§§§#§#
##...## ##...##.#....§k#§##
##..⌠#+# ######.......#@##
#...###$$ #.#........####
##..## ∆$. ##†..##.#†..#.#
###..## ∆∆$ ##...####.#...##
#....### ∆$ #P.###
####..P### ##..##.## ∆
#..### ##P..PP.# ##P....##
#....### #.[...[##
##...#.### ##.....#
#.......# #.....#..# #[....#
##......# #.PP......


You could see a lindwurm (extremely poisoned, catching breath).

Vanquished Creatures
  Gastronok (Lair:2)
  9 hydras
  A boulder beetle (Lair:6)
  A catoblepas (Lair:4)
  Erica (Lair:2)
  A two-headed ogre (D:9)
  7 death yaks
  5 wizards (D:10)
  A lindwurm (Lair:6)
  Pikel (D:5)
  10 elephants
  4 centaur zombies
  5 black mambas
  Maggie (Lair:2)
  A gargoyle (D:10)
  11 cane toads
  5 torpor snails (Lair:6)
  5 rime drakes
  7 komodo dragons
  3 polar bears
  2 trolls
  5 tyrant leeches
  11 hornets
  8 dream sheep (Lair:5)
  24 blink frogs
  57 yaks
  12 spriggans (Lair:5)
  Sigmund (D:3)
  2 basilisks
  2 wyverns
  A steam dragon (Lair:5)
  A swamp worm (Lair:3)
  4 nagas (Lair:2)
  2 acid dragons
  17 water moccasins
  Duvessa (D:4)
  7 orc warriors (D:9)
  Pargi (Sewer)
  2 hornet zombies
  A black bear (Lair:1)
  2 necrophages
  4 centaurs
  2 ogres
  3 boggarts (Lair:5)
  5 wolves (Lair:2)
  9 kobold brigands
  14 bullfrogs
  A gnoll sergeant (D:10)
  2 scorpions
  A water moccasin skeleton (D:4)
  Dowan (D:4)
  A wyvern skeleton (D:7)
  4 killer bees
  12 wights
  5 howler monkeys
  A bullfrog zombie (D:5)
  2 jellies
  3 orc priests
  Crazy Yiuf (D:2)
  A gnoll shaman (D:6)
  3 hounds
  A bullfrog skeleton (D:4)
  Natasha (thrice) (D:2)
  5 iguanas
  9 orc wizards
  2 hell rats (Lair:4)
  4 killer bee zombies
  A hound skeleton (D:5)
  A mummy (Ossuary)
  Robin (D:4)
  13 gnolls
  11 adders
  13 river rats
  A shadow imp (D:5)
  4 ufetubi
  A worm (D:4)
  17 orcs
  4 spectral bats (Ossuary)
  10 ball pythons
  8 endoplasms
  A giant cockroach (D:3)
  12 gnoll zombies (Ossuary)
  8 hobgoblins
  3 jackals (D:4)
  22 kobolds
  A quokka (D:1)
  4 bats
  2 bat simulacra (Ossuary)
  7 frilled lizards
  12 goblins
  7 goblin simulacra (Ossuary)
  5 goblin zombies (Ossuary)
  4 hobgoblin zombies (Ossuary)
  2 kobold simulacra (Ossuary)
  5 kobold zombies (Ossuary)
  4 orc zombies (Ossuary)
  4 rats (D:1)
  3 rat simulacra (Ossuary)
  2 rat zombies (D:6)
  4 spectral goblins (Ossuary)
  4 spectral kobolds (Ossuary)
  A spectral orc (D:7)
  A spectral rat (Ossuary)
545 creatures vanquished.

Vanquished Creatures (collateral kills)
  A killer bee (D:9)
  A gnoll shaman (D:9)
2 creatures vanquished.

Vanquished Creatures (others)
  A wizard (D:10)
  A worm (D:4)
  61 fungi
  80 plants
143 creatures vanquished.

Grand Total: 690 creatures vanquished

Notes
Turn   | Place    | Note
-------+----------+-------------------------------------------
     0 | D:1      | Xoff the Gnoll Fighter began the quest for the Orb.
     0 | D:1      | Reached XP level 1. HP: 23/23 MP: 1/1
   433 | D:1      | Reached XP level 2. HP: 29/29 MP: 2/2
   460 | D:1      | Found Botreg's Distillery.
  1338 | D:2      | Reached XP level 3. HP: 26/35 MP: 3/3
  1793 | D:2      | Noticed Natasha
  1807 | D:2      | Killed Natasha
  1808 | D:2      | Reached skill level 1 in Short Blades
  1808 | D:2      | Reached skill level 1 in Axes
  1808 | D:2      | Reached skill level 1 in Maces & Flails
  1808 | D:2      | Reached skill level 1 in Polearms
  1808 | D:2      | Reached skill level 1 in Staves
  1808 | D:2      | Reached skill level 1 in Slings
  1808 | D:2      | Reached skill level 1 in Bows
  1808 | D:2      | Reached skill level 1 in Crossbows
  1808 | D:2      | Reached skill level 1 in Throwing
  1808 | D:2      | Reached skill level 1 in Dodging
  1808 | D:2      | Reached skill level 1 in Stealth
  1808 | D:2      | Reached skill level 1 in Unarmed Combat
  1808 | D:2      | Reached skill level 1 in Spellcasting
  1808 | D:2      | Reached skill level 1 in Invocations
  1808 | D:2      | Reached skill level 1 in Evocations
  1808 | D:2      | Reached XP level 4. HP: 14/41 MP: 5/5
  1852 | D:2      | Noticed Natasha
  1861 | D:2      | Killed Natasha
  2208 | D:2      | Noticed Natasha
  2216 | D:2      | Killed Natasha
  2217 | D:2      | Reached skill level 1 in Conjurations
  2217 | D:2      | Reached skill level 1 in Hexes
  2217 | D:2      | Reached skill level 1 in Summonings
  2217 | D:2      | Reached skill level 1 in Necromancy
  2217 | D:2      | Reached skill level 1 in Translocations
  2217 | D:2      | Reached skill level 1 in Transmutations
  2217 | D:2      | Reached skill level 1 in Fire Magic
  2217 | D:2      | Reached skill level 1 in Ice Magic
  2217 | D:2      | Reached skill level 1 in Air Magic
  2217 | D:2      | Reached skill level 1 in Earth Magic
  2217 | D:2      | Reached skill level 1 in Poison Magic
  2528 | D:2      | Found a runed translucent door.
  2529 | D:2      | Noticed Crazy Yiuf
  2536 | D:2      | Killed Crazy Yiuf
  2537 | D:2      | Reached XP level 5. HP: 47/47 MP: 5/7
  3095 | D:3      | Noticed Sigmund
  3114 | D:3      | Killed Sigmund
  3115 | D:3      | Reached skill level 5 in Long Blades
  3115 | D:3      | Reached XP level 6. HP: 45/53 MP: 8/8
  3167 | D:3      | Noticed an eye of devastation
  3172 | D:3      | Found a faded altar of an unknown god.
  3175 | D:3      | Noticed a great orb of eyes
  3175 | D:3      | Noticed an eye of devastation
  3175 | D:3      | Noticed a great orb of eyes
  3241 | D:3      | Found an ancient bone altar of Kikubaaqudgha.
  3296 | D:3      | Prayed at the altar of an unknown god.
  3296 | D:3      | Became a worshipper of Dithmenos the Shadowed
  3296 | D:3      | Reached * piety under Dithmenos
  3716 | D:4      | Noticed Dowan
  3719 | D:4      | Noticed Duvessa
  3723 | D:4      | Found a shimmering altar of Xom.
  3787 | D:4      | Noticed Robin
  3823 | D:4      | Killed Robin
  3889 | D:4      | Found an ornate altar of the Wu Jian Council.
  3890 | D:4      | Noticed a necrophage
  3915 | D:4      | Found a glowing drain.
  3924 | Sewer    | Entered a sewer
  4039 | Sewer    | Reached ** piety under Dithmenos
  4094 | Sewer    | Reached XP level 7. HP: 59/59 MP: 10/10
  4112 | Sewer    | Noticed Pargi
  4124 | Sewer    | Killed Pargi
  4462 | D:4      | Killed Duvessa
  4482 | D:4      | Killed Dowan
  4483 | D:4      | Reached XP level 8. HP: 60/67 MP: 12/12
  4554 | D:4      | Found a staircase to the Ecumenical Temple.
  4572 | Temple   | Entered the Ecumenical Temple
  5090 | D:4      | Found a burning altar of Makhleb.
  5505 | D:5      | Entered Level 5 of the Dungeon
  5517 | D:5      | Noticed Pikel
  5545 | D:5      | Killed Pikel
  5942 | D:5      | Reached XP level 9. HP: 68/72 MP: 14/14
  6270 | D:6      | Found a sand-covered staircase.
  6281 | Ossuary  | Entered an ossuary
  6381 | Ossuary  | Reached *** piety under Dithmenos
  6588 | Ossuary  | Reached **** piety under Dithmenos
  8212 | D:7      | Found Percher's Antique Weapon Boutique.
  8222 | D:6      | Reached skill level 5 in Invocations
  8590 | D:7      | Found a hazy altar of Hepliaklqana.
  8708 | D:7      | Found a glowing silver altar of Zin.
  8928 | D:7      | Reached XP level 10. HP: 80/80 MP: 17/17
  9257 | D:7      | Found a basalt altar of Yredelemnul.
  9507 | D:8      | Found a staircase to the Lair.
  9565 | D:7      | Reached skill level 5 in Short Blades
  9565 | D:7      | Reached skill level 5 in Axes
  9565 | D:7      | Reached skill level 5 in Maces & Flails
  9565 | D:7      | Reached skill level 5 in Polearms
  9565 | D:7      | Reached skill level 5 in Staves
  9565 | D:7      | Reached skill level 5 in Slings
  9565 | D:7      | Reached skill level 5 in Bows
  9565 | D:7      | Reached skill level 5 in Crossbows
  9565 | D:7      | Reached skill level 5 in Throwing
  9565 | D:7      | Reached skill level 5 in Dodging
  9565 | D:7      | Reached skill level 5 in Stealth
  9565 | D:7      | Reached skill level 5 in Unarmed Combat
  9565 | D:7      | Reached skill level 5 in Spellcasting
  9565 | D:7      | Reached skill level 5 in Evocations
  9711 | D:7      | Reached ***** piety under Dithmenos
 10181 | D:8      | Found a sacrificial altar of Ru.
 10406 | D:9      | HP: 2/82 [orc warrior (7)]
 11142 | D:9      | Found a stormy altar of Qazlal.
 11218 | D:9      | Noticed a two-headed ogre
 11231 | D:9      | Killed a two-headed ogre
 11232 | D:9      | Reached XP level 11. HP: 80/87 MP: 19/19
 11508 | D:10     | Entered Level 10 of the Dungeon
 11623 | D:10     | Found a staircase to the Orcish Mines.
 11648 | D:9      | Reached skill level 5 in Conjurations
 11648 | D:9      | Reached skill level 5 in Hexes
 11648 | D:9      | Reached skill level 5 in Summonings
 11648 | D:9      | Reached skill level 5 in Necromancy
 11648 | D:9      | Reached skill level 5 in Translocations
 11648 | D:9      | Reached skill level 5 in Transmutations
 11648 | D:9      | Reached skill level 5 in Fire Magic
 11648 | D:9      | Reached skill level 5 in Ice Magic
 11648 | D:9      | Reached skill level 5 in Air Magic
 11648 | D:9      | Reached skill level 5 in Earth Magic
 11648 | D:9      | Reached skill level 5 in Poison Magic
 13003 | D:10     | Found Kioll's Armour Shop.
 13023 | D:10     | Bought a +2 pair of gloves of hurling for 301 gold pieces
 13277 | D:10     | Noticed a wizard
 13377 | D:10     | Found a broken altar of Ashenzari.
 13479 | D:10     | Found a radiant altar of Vehumet.
 13592 | D:10     | Noticed a wizard
 13593 | D:10     | Noticed a wizard
 13605 | D:10     | Killed a wizard
 13613 | D:10     | Killed a wizard
 13617 | D:10     | Noticed a wizard
 13626 | D:10     | Killed a wizard
 13767 | D:10     | Killed a wizard
 14059 | D:10     | Noticed a wizard
 14059 | D:10     | Found the +3 warlock's mirror {reflect}
 14061 | D:10     | Noticed a wizard
 14067 | D:10     | Killed a wizard
 14071 | D:10     | Killed a wizard
 14448 | Lair:1   | Entered Level 1 of the Lair of Beasts
 14605 | Lair:1   | Noticed an eight-headed hydra
 14610 | Lair:1   | Killed an eight-headed hydra
 14611 | Lair:1   | Reached XP level 12. HP: 96/96 MP: 22/22
 14694 | Lair:1   | Identified a scroll of acquirement
 14695 | Lair:1   | Acquired the +1 hat of Dewneng {rElec rN+ Dex+5 SInv}
 15489 | Lair:2   | Noticed Maggie
 15657 | Lair:2   | Noticed Erica
 15678 | Lair:2   | Killed Erica
 16108 | Lair:2   | Noticed Gastronok
 16154 | Lair:2   | Killed Gastronok
 16155 | Lair:2   | Reached skill level 10 in Fighting
 16155 | Lair:2   | Reached skill level 10 in Armour
 16155 | Lair:2   | Reached skill level 10 in Shields
 16371 | Lair:2   | Found a staircase to the Snake Pit.
 16448 | Lair:2   | Killed Maggie
 17782 | Lair:3   | Reached XP level 13. HP: 101/103 MP: 24/24
 18217 | Lair:3   | Found a glowing golden altar of the Shining One.
 18476 | Lair:3   | Found a staircase to the Swamp.
 19415 | Lair:4   | Reached ****** piety under Dithmenos
 20937 | Lair:4   | Gained mutation: Your system is resistant to poisons.
                  | (rPois) [potion of mutation]
 20937 | Lair:4   | Gained mutation: You are robust. (+10% HP) [potion of
                  | mutation]
 20937 | Lair:4   | Gained mutation: You expend magic power (3 MP) to
                  | strengthen your wands. [potion of mutation]
 20937 | Lair:4   | Gained mutation: You are partially covered in iridescent
                  | scales. (AC +2) [potion of mutation]
 21593 | Lair:5   | Reached skill level 10 in Long Blades
 21601 | Lair:5   | Reached XP level 14. HP: 100/124 MP: 26/26
 23225 | Lair:5   | Reached skill level 10 in Invocations
 23288 | Lair:6   | Entered Level 6 of the Lair of Beasts
 23288 | Lair:6   | Found a viscous altar of Jiyva.
 23288 | Lair:6   | Found a staircase to the Slime Pits.
 23654 | Lair:6   | Found a hide-covered altar of Uskayaw.
 23655 | Lair:6   | Found an ornate altar of the Wu Jian Council.
 24010 | Lair:6   | Found a runed translucent gate.
 24010 | Lair:6   | Found a runed translucent gate.
 24010 | Lair:6   | Found a runed translucent gate.
 24011 | Lair:6   | Noticed p0werm0de's ghost (journeyman MiFi)
 24874 | Lair:6   | Identified the +1 robe of Fedhas's Favour {Str+4 Slay-2
                  | Archmagi}
 24952 | Lair:6   | Found a runed translucent door.
 25222 | Lair:6   | Paralysed by a hornet for 2 turns
 25703 | Lair:6   | Killed from afar by a lindwurm

Illustrated notes

Levels and vault maps discovered:
D:1:      dpeg_arrival_more_subterranean_lakeside_camping, layout_basic,
          serial_shops, shop
D:2:      layout_loops_corners, minivault_4, kennysheep_generic_room_6,
          uniq_natasha, uniq_crazy_yiuf_cottage
D:3:      layout_loops_corners, kiku_gazebo_pond_becter,
          hellmonk_ecumenical_altar_watching_god, uniq_sigmund
D:4:      layout_loops_ring, lemuel_tele_altar, mainiacjoe_overflow_paths,
          lightli_temple_of_fire, minmay_temple_entry_offerings,
          cheibrodos_sewer_entry_sluice, uniq_robin, uniq_duvessa
D:5:      layout_basic, uniq_pikel
D:6:      layout_cave_pods, enter_ossuary_3, minmay_fractal_squares_gapless_5
D:7:      layout_loops_corners, nicolae_hepliaklqana_hippocampus,
          mainiacjoe_overflow_catwalk, yredelemnul_forgotten_temple_becter,
          serial_shops, nicolae_shop_overgrown_old_shop
D:8:      layout_cave_pools, nicolae_ru_the_path_less_chosen, lair_entry_dummy
D:9:      layout_irregular_city, nicolae_qazlal_scattered_showers,
          minmay_alternating_orb
D:10:     minmay_smoke_and_mirrors, layout_cave_pools,
          nicolae_vehumet_altar_sigil, mainiacjoe_overflow_cross_hatched,
          kennysheep_orc_monster_closet_entryway, serial_shops, shop
Temple:   minmay_temple_curvy_loop
Lair:1:   layout_misc_corridors, small_statue_intersection
Lair:2:   layout_hall_layers, minmay_snake_entry_guardpost_small, uniq_maggie,
          uniq_gastronok, uniq_erica
Lair:3:   layout_misc_corridors, minmay_swamp_entry_worms, basic_altar,
          grunt_megastairs_3, serial_bayou_shore_b, lemuel_fruit_tree
Lair:4:   layout_cellular_growth, kennysheep_rathole
Lair:5:   kb_forest_paths, layout_regular_city
Lair:6:   guppyfry_lair_end_dragon, layout_loops_ring, wormcave, slime_altar_1,
          gammafunk_ghost_hydra_chop, special_room [special_room_mythical_zoo],
          minmay_stone_trees_medium, nzn_masters_of_martial_movement

Skill      XL: |  1  2  3  4  5  6  7  8  9 10 11 12 13 14 |
---------------+-------------------------------------------+-----
Short Blades   | 1 2 3 4 5 6 7 8 9 |  9.6
Axes           | 1 2 3 4 5 6 7 8 9 |  9.6
Maces & Flails | 1 2 3 4 5 6 7 8 9 |  9.6
Polearms       | 1 2 3 4 5 6 7 8 9 |  9.6
Staves         | 1 2 3 4 5 6 7 8 9 |  9.6
Slings         | 1 2 3 4 5 6 7 8 9 |  9.6
Bows           | 1 2 3 4 5 6 7 8 9 |  9.6
Crossbows      | 1 2 3 4 5 6 7 8 9 |  9.6
Throwing       | 1 2 3 4 5 6 7 8 9 |  9.6
Dodging        | 1 2 3 4 5 6 7 8 9 |  9.6
Stealth        | 1 2 3 4 5 6 7 8 9 |  9.6
Unarmed Combat | 1 2 3 4 5 6 7 8 9 |  9.6
Spellcasting   | 1 2 3 4 5 6 7 8 9 |  9.6
Invocations    | 1 2 3 4 5 6 7 8 9 10 | 10.5
Evocations     | 1 2 3 4 5 6 7 8 9 |  9.6
Conjurations   | 1 2 3 4 5 6 7 8 |  8.1
Hexes          | 1 2 3 4 5 6 7 8 |  8.1
Summonings     | 1 2 3 4 5 6 7 8 |  8.1
Necromancy     | 1 2 3 4 5 6 7 8 |  8.1
Translocations | 1 2 3 4 5 6 7 8 |  8.1
Transmutations | 1 2 3 4 5 6 7 8 |  8.1
Fire Magic     | 1 2 3 4 5 6 7 8 |  8.1
Ice Magic      | 1 2 3 4 5 6 7 8 |  8.1
Air Magic      | 1 2 3 4 5 6 7 8 |  8.1
Earth Magic    | 1 2 3 4 5 6 7 8 |  8.1
Poison Magic   | 1 2 3 4 5 6 7 8 |  8.1
Long Blades    | 5 6 7 8 9 10 | 10.7
Fighting       | 7 8 9 10 11 | 11.6
Armour         | 7 8 9 10 11 | 11.6
Shields        | 7 8 9 10 11 | 11.6

Action                   |  1- 3 |  4- 6 |  7- 9 | 10-12 | 13-15 || total
-------------------------+-------+-------+-------+-------+-------++-------
Melee: Long sword        |    70 |   141 |   476 |   753 |  1021 ||  2461
       Bite              |     6 |     4 |    56 |   114 |   202 ||   382
       Scimitar          |       |       |       |    14 |    55 ||    69
       Morningstar       |       |       |       |    10 |       ||    10
 Fire: Hand crossbow     |       |       |       |       |     5 ||     5
Throw: Dart              |       |     5 |    13 |    40 |    43 ||   101
       Boomerang         |       |       |       |    41 |    16 ||    57
Evoke: Wand              |       |       |     1 |     9 |       ||    10
  Use: Potion            |       |     1 |       |     5 |     3 ||     9
       Scroll            |       |    11 |     3 |    15 |     3 ||    32
 Stab: Sleeping          |       |       |     3 |       |     2 ||     5
       Petrified         |       |       |       |     1 |    13 ||    14
       Distracted        |       |       |       |     1 |     1 ||     2
       Petrifying        |       |       |       |       |     1 ||     1
Armor: Scale mail        |    37 |    62 |   193 |    91 |       ||   383
       Chain mail        |       |       |       |   280 |   354 ||   634
Dodge: Dodged            |    25 |    71 |   257 |   341 |   399 ||  1093
Block: Buckler           |    22 |    45 |   135 |   277 |   440 ||   919
       Reflection        |       |       |       |     4 |    10 ||    14
